AoeStats
← Blyad _Mann

Black Forest

510309031Analyzed
4v4 RM · 1d ago on Sep 30, 2026· 44m 18s· 8 players
Game mode
Random Map
Map size
Large (8 player)
Population
200
Speed
Normal
Resources
Standard
Victory
Conquest
Starting age
Dark Age
Ending age
Imperial Age
RankedLock teamsTeams togetherTeam positionsShared explorationLock speedFull tech treeHidden civsTurbo modeCheats
Victory
Defeat
🇦🇺 Chinese · Australia
1038
+25
🇳🇱 Varangians · Netherlands
976
+17
🇨🇳 Britons · China
943
+19
941
+18
1014
-18
🇻🇳 Britons · Vietnam
1013
-18
🇨🇳 Malay · China
992
-17
🇲🇲 Khmer · Myanmar (Burma)
949
-15
希望大陸人有素質一點
0:33 Loom
21:15 Feudal Age
21:42 Double-Bit Axe
26:48 Wheelbarrow
30:52 Castle Age
28:54 Gold Mining
29:03 Horse Collar
30:54 Crossbowman
31:47 Thumb Ring
31:42 Fletching
32:18 Elite Skirmisher
33:55 Padded Archer Armor
33:52 Bodkin Arrow
sonhero3000
0:58 Loom
12:36 Feudal Age
15:08 Horse Collar
19:03 Castle Age
17:51 Double-Bit Axe
18:54 Stone Mining
20:27 Wheelbarrow
26:29 Heavy Plow
29:39 Gold Mining
30:18 Bow Saw
32:04 Hand Cart
31:37 Man-at-Arms
32:03 Gambesons
32:19 Squires
33:15 Scale Barding Armor
33:10 Scale Mail Armor
33:55 Town Watch
34:29 Long Swordsman
36:21 Gold Shaft Mining
35:23 Pikeman
37:43 Forging
39:11 Iron Casting
38:51 Chain Mail Armor
x
12:43 Feudal Age
13:19 Horse Collar
13:28 Double-Bit Axe
17:48 Castle Age
15:56 Gold Mining
16:00 Stone Mining
16:19 Loom
18:18 Wheelbarrow
19:23 Bow Saw
19:15 Heavy Plow
19:55 Stone Shaft Mining
29:28 Hand Cart
31:01 Gold Shaft Mining
34:11 Imperial Age
32:08 Town Watch
33:40 Ballistics
33:43 Husbandry
33:54 Bloodlines
33:05 Light Cavalry
35:04 Scale Barding Armor
35:10 Forging
35:01 Scale Mail Armor
35:05 Double Crossbow
34:26 Elite Ballista Elephant
35:42 Hoardings
35:27 Conscription
34:38 Sappers
36:51 Siege Engineers
38:37 Iron Casting
39:19 Chain Barding Armor
40:10 Chemistry
41:47 Plate Barding Armor
43:12 Blast Furnace
Delete game
10:57 Feudal Age
10:34 Loom
11:28 Horse Collar
14:18 Town Watch
20:29 Castle Age
20:24 Stone Mining
21:35 Double-Bit Axe
21:53 Heavy Plow
23:01 Bow Saw
32:07 Imperial Age
29:50 Fletching
31:14 Wheelbarrow
30:50 Gold Mining
31:36 Stone Shaft Mining
33:31 Conscription
33:59 Crop Rotation
33:03 Elite Skirmisher
33:50 Padded Archer Armor
33:46 Bodkin Arrow
34:07 Masonry
34:49 Hand Cart
35:19 Gold Shaft Mining
34:20 Imperial Skirmisher
35:44 Bracer
35:27 Heavy Scorpion
36:37 Leather Archer Armor
36:37 Thumb Ring
38:14 Ring Archer Armor
37:55 Forging
38:26 Town Patrol
38:33 Scale Barding Armor
38:38 Capped Ram
40:26 Chemistry
39:46 Ballistics
39:44 Crossbowman
40:35 Forced Levy
41:25 Arbalester
BoBo鸡之印第安走地鸡
0:36 Loom
14:59 Feudal Age
16:52 Wheelbarrow
16:23 Double-Bit Axe
16:21 Horse Collar
19:21 Castle Age
21:35 Bow Saw
28:45 Hand Cart
28:41 Heavy Plow
29:47 Gold Mining
29:50 Stone Mining
34:30 Imperial Age
31:46 Town Watch
33:13 Gold Shaft Mining
34:03 Scale Mail Armor
34:13 Forging
34:26 Town Patrol
34:33 Town Patrol
35:05 Treadmill Crane
36:37 Conscription
35:37 Shield Wall
35:40 Elite Hearth Troop
37:08 Chain Mail Armor
37:29 Iron Casting
36:59 Arson
37:15 Squires
37:00 Gambesons
36:37 Elite Varangian Guard
38:20 Plate Mail Armor
37:18 Pikeman
37:18 Man-at-Arms
40:13 Halberdier
JJOldWayWay
3:09 Loom
10:56 Feudal Age
17:10 Castle Age
15:16 Double-Bit Axe
18:56 Wheelbarrow
18:36 Bow Saw
24:24 Forging
24:58 Fletching
26:10 Horse Collar
31:49 Imperial Age
29:31 Heavy Plow
31:41 Bloodlines
30:52 Light Cavalry
31:34 Husbandry
32:20 Iron Casting
33:17 Conscription
33:57 Scale Barding Armor
34:53 Hand Cart
35:39 Chain Barding Armor
37:11 Bodkin Arrow
37:19 Gold Mining
37:19 Stone Mining
37:56 Bracer
38:18 Ballistics
39:26 Blast Furnace
39:06 Town Watch
39:30 Stone Mining
41:20 Chemistry
41:03 Padded Archer Armor
43:27 Gold Shaft Mining
43:27 Stone Shaft Mining
44:22 Leather Archer Armor
45:53 Two-Man Saw
开局投降是歹人
0:29 Loom
11:53 Feudal Age
27:50 Castle Age
26:15 Double-Bit Axe
26:59 Horse Collar
27:12 Fletching
28:21 Padded Archer Armor
28:03 Elite Skirmisher
29:35 Bodkin Arrow
37:49 Imperial Age
37:05 Leather Archer Armor
36:29 Pikeman
39:31 Bow Saw
39:16 Stone Mining
40:28 Bracer
40:58 Ring Archer Armor
40:40 Forging
41:08 Arrowslits
42:48 Wheelbarrow
42:38 Scale Mail Armor
44:56 Two-Man Saw
Blyad _Mann
0:28 Loom
13:48 Feudal Age
14:31 Double-Bit Axe
14:28 Horse Collar
19:28 Castle Age
18:09 Stone Mining
18:36 Gold Mining
20:29 Bow Saw
21:57 Wheelbarrow
21:59 Heavy Plow
23:52 Forging
27:57 Iron Casting
31:01 Imperial Age
29:16 Scale Mail Armor
29:47 Hand Cart
31:05 Elite Varangian Guard
31:07 Gothikon
32:07 Conscription
32:49 Squires
32:34 Gambesons
32:34 Arson
33:48 Conscription
33:46 Chain Mail Armor
34:31 Blast Furnace
35:14 Plate Mail Armor
34:50 Scale Barding Armor
36:26 Two-Man Saw
36:36 Crop Rotation
39:11 Chain Barding Armor
40:37 Vendel Legacy
42:01 Caravan
44:22 Plate Barding Armor
Connection lost

Rejoining the realm…

Still unreachable

The connection could not be restored.

Session expired

The server has moved on; the page needs a fresh start.